 Dungeon Sprint DCSS version 0.31-a0-339-gda1cbd555d (webtiles) character file.

Game seed: 4450060515571960369

1300000 Monkooky the Ninja (level 13, -3/83 HPs)
             Began as a Mummy Warper on July 20, 2023.
             Was a Priest of Makhleb.
             Engulfed by a cloud of flame (34 damage)
             ... in the Dungeon (Sprint VIII: "Arena of Blood").
             The game lasted 00:00:40 (13 turns).

Monkooky the Ninja (Mummy Warper)                     Turns: 13, Time: 00:00:41

Health: -3/83      AC:  3    Str: 14    XL:     13   Next: 77%
Magic:  17/17      EV: 11    Int: 14    God:    Makhleb [***...]
Gold:   0          SH:  0    Dex: 15    Spells: 17/17 levels left

rFire   x . .        e - +∞ Axe of Woe
rCold   + . .        (shield currently unavailable)
rNeg    + + +        b - +0 leather armour
rPois   ∞            (no helmet)
rElec   .            (no cloak)
rCorr   .            (no gloves)
SInv    .            (no boots)
Will    +....        (no amulet)
Stlth   +++++++++    (no ring)
HPRegen 0.33/turn    (no ring)
MPRegen 0.15/turn

%: no teleportation, faith
@: no status effects
A: cold resistance 1, negative energy resistance 3, torment resistance 2, heat
vulnerability 1, in touch with death 2, no potions, faith
a: Renounce Religion, Minor Destruction, Lesser Servant of Makhleb


You were in the Dungeon.
You worshipped Makhleb.
Makhleb was most pleased with you.
You visited 1 branch

Inventory:

Hand Weapons
 a - a +0 hand axe
 e - the +∞ Axe of Woe (weapon)
   (You found it in the Dungeon)
Missiles
 d - 7 boomerangs of dispersal (quivered)
Armour
 b - a +0 leather armour (worn)
Scrolls
 c - 2 scrolls of blinking


   Skills:
 - Level 2.0 Fighting
 + Level 19.2 Axes
 - Level 0.7 Throwing
 - Level 0.7 Armour
 - Level 1.5 Dodging
 O Level 27 Stealth
 - Level 2.6 Spellcasting
 - Level 2.4 Translocations


You had 17 spell levels left.
You didn't know any spells.
Your spell library contained the following spells:

 Spells                   Type           Power      Damage    Failure   Level
 Blink                    Tloc           16%        N/A       16%         2
 Lesser Beckoning         Tloc           16%        N/A       16%         2
 Teleport Other           Tloc           8%         N/A       30%         3
 Vhi's Electric Charge    Tloc/Air       10%        N/A       45%         3
 Manifold Assault         Tloc           8%         N/A       71%         4


Dungeon Overview and Level Annotations

Branches:
Dungeon (1/1)

Altars:
Makhleb


Innate Abilities, Weirdness & Mutations

You are immune to poison.
Your flesh is cold resistant. (rC+)
You are immune to negative energy. (rN+++)
You are immune to unholy pain and torment.
You are vulnerable to heat. (rF-)
You are strongly in touch with the powers of death.
You do not drink.
You have a special connection with the divine. (Faith)


Message History

Unknown command.
A meat berserker and 3 bags of meat come into view.
The meat berserker shouts!
The bag of meat shouts! x2; You hear a shout! x9
The meat berserker rages.
You hear a shout! x2
A bag of meat comes into view. It is wielding a +9 war axe.
The bag of meat moves out of view.
The meat berserker moves out of view.
You hear a shout! x2
The bag of meat shouts!
You slice the meat berserker!!
You cleave the meat berserker in twain.
You kill the meat berserker!
Makhleb accepts your kill.
You can now harness Makhleb's destructive might.
You feel better.
You hear a shout! x7
A bag of meat comes into view. It is wielding a +9 war axe.
You hear a shout! x2
Your Axes skill gained 3 levels and is now at level 19!
You have mastered Stealth!
Unknown command.
You slash the meat berserker!
You slaughter the meat berserker joyfully.
You kill the meat berserker!
Makhleb accepts your kill.
You feel better.
You hit the bag of meat but do no damage.
You slaughter the bag of meat joyfully.
You kill the bag of meat!
Makhleb accepts your kill.
You can now summon a lesser servant of Makhleb.
You slash the large bag of meat!
Flame seeps out of the large bag of meat.
You pulverise the large bag of meat into a thin bloody mist.
Makhleb accepts your kill.
The large bag of meat explodes!
The fiery explosion engulfs you!!! The fire burns you terribly!
Ouch! That really hurt!
The fiery explosion engulfs the bag of meat!!!
You are engulfed in blazing flames.
You die...

#........_.....
......#.....# ...
......#_.<._#....
......#.....#....
#........_.......
......).###......
...###oo)....###.
#...)...#
#..§@§..#
......§○§o.O...
.......§o...o...
......o.......o#
........o...o##.
...#.o......#.o
............#...
##.#....... .o


You could see a meat berserker (berserk) and 12 bags of meat.

Vanquished Creatures
  3 ogres (D)
  A two-headed ogre (D)
  3 orcs (D)
7 creatures vanquished.

Notes
Turn   | Place    | Note
-------+----------+-------------------------------------------
     0 | D        | Found the +∞ Axe of Woe
     0 | D        | Monkooky the Mummy Warper began the quest for the Orb.
     0 | D        | Reached XP level 1. HP: 16/16 MP: 4/4
     1 | D        | Noticed a bag of meat
     3 | D        | Became a worshipper of Makhleb the Destroyer
     5 | D        | Noticed a bag of meat
     5 | D        | Noticed a meat berserker
     6 | D        | Killed a bag of meat
     6 | D        | Noticed a bag of meat
     6 | D        | Noticed a bag of meat
     7 | D        | Reached skill level 19 in Stealth
     7 | D        | Reached XP level 2. HP: 22/22 MP: 5/5
     7 | D        | Gained mutation: You are in touch with the powers of death.
                  | [Mummy growth]
     7 | D        | Reached XP level 3. HP: 27/27 MP: 7/7
     7 | D        | Reached XP level 4. HP: 33/33 MP: 8/8
     7 | D        | Reached XP level 5. HP: 38/38 MP: 9/9
     7 | D        | Reached XP level 6. HP: 44/44 MP: 10/10
     7 | D        | Reached XP level 7. HP: 50/50 MP: 11/11
     7 | D        | Reached XP level 8. HP: 56/56 MP: 12/12
     7 | D        | Reached XP level 9. HP: 61/61 MP: 13/13
     7 | D        | Reached XP level 10. HP: 67/67 MP: 14/14
     8 | D        | Killed a bag of meat
     8 | D        | Reached * piety under Makhleb
     8 | D        | Noticed a bag of meat
     8 | D        | Noticed a meat berserker
     8 | D        | Noticed a large bag of meat
     8 | D        | Noticed a bag of meat
     9 | D        | Reached skill level 22 in Stealth
     9 | D        | Reached XP level 11. HP: 45/72 MP: 15/15
     9 | D        | Killed a meat berserker
     9 | D        | Noticed a bag of meat
    10 | D        | Reached skill level 25 in Stealth
    10 | D        | Reached XP level 12. HP: 50/78 MP: 16/16
    10 | D        | Gained mutation: You are strongly in touch with the powers
                  | of death. [Mummy growth]
    10 | D        | Reached XP level 13. HP: 53/83 MP: 17/17
    10 | D        | Noticed a bag of meat
    10 | D        | Noticed a meat berserker
    10 | D        | Noticed a bag of meat
    10 | D        | Noticed a bag of meat
    10 | D        | Noticed a bag of meat
    11 | D        | Noticed a bag of meat
    11 | D        | Noticed a bag of meat
    11 | D        | Noticed a meat berserker
    11 | D        | Noticed a bag of meat
    11 | D        | Noticed a bag of meat
    12 | D        | Killed a meat berserker
    12 | D        | Reached ** piety under Makhleb
    12 | D        | Noticed a bag of meat
    13 | D        | Reached skill level 27 in Stealth
    13 | D        | Killed a meat berserker
    13 | D        | Killed a bag of meat
    13 | D        | Reached *** piety under Makhleb
    13 | D        | Killed a large bag of meat
    13 | D        | Engulfed by a cloud of flame

Illustrated notes

Levels and vault maps discovered:
D:        meatsprint

Skill      XL: |  1  2  3  4  5  6  7  8  9 10 11 12 13 |
---------------+----------------------------------------+-----
Axes           | 12 14 16 19 | 19.2
Stealth        | 19 22 25 27 | 27.0
Fighting       | |  2.0
Throwing       | |  0.7
Armour         | |  0.7
Dodging        | |  1.5
Spellcasting   | |  2.6
Translocations | |  2.4

Action                     |  1- 3 |  4- 6 |  7- 9 | 10-12 | 13-15 || total
---------------------------+-------+-------+-------+-------+-------++-------
  Melee: Executioner's axe |     1 |       |       |     2 |     2 ||     5

Table legend: (Time is in decaauts)
 A = Elapsed time spent in this place.
 B = Non-inter-level travel time spent in this place.
 C = Inter-level travel time spent in this place.
 D = Time resting spent in this place.
 E = Time spent auto-exploring this place.
 F = Levels seen in this place.
 G = Mean time per level.
                   A        B        C        D        E       F      G
               +--------+--------+--------+--------+--------+-----+--------+
         Total |     13 |     13 |      0 |      0 |      0 |   1 |   13.0 |
       Dungeon |     13 |     13 |      0 |      0 |      0 |   1 |   13.0 |
               +--------+--------+--------+--------+--------+-----+--------+

Top non-repeatable levels by time:
       D: 13 daAuts
